[Event "Fagernes GM Swiss 2020"]
[Site "Fagernes"]
[Date "2020.10.05"]
[Round "2.23"]
[White "Tenold, Andreas"]
[Black "Grover, Sigurd Loe"]
[Result "1/2-1/2"]
[ECO "C08"]
[WhiteElo "1935"]
[BlackElo "2145"]
[Annotator "NA"]
[PlyCount "77"]
[EventDate "2020.10.04"]
[EventType "swiss"]
[EventCountry "NOR"]
[SourceTitle "playchess.com"]
[Source "ChessBase"]
[SourceQuality "1"]
[TimeControl "40/6000+30:2400+30"]

1. e4 e6 2. d4 d5 3. Nd2 c5 4. Ngf3 Nf6 5. exd5 exd5 6. Be2 Be7 7. O-O O-O 8. dxc5 Bxc5 9. Nb3 Bb6 10. c3 Re8 11. h3 Nc6 12. Bg5 h6 13. Bh4 Qd6 14. Bxf6 Qxf6 15. Nbd4 Nxd4 16. Nxd4 Bxd4 17. cxd4 Re4 18. Bf3 Rxd4 19. Qb3 Rd2 20. Qe3 Qg5 21. Qe8+ Kh7 22. Rad1 Bg4 23. Qxf7 Bxf3 24. Qxf3 Rxb2 25. Rxd5 Qg6 26. Rd7 Rxa2 27. Qxb7 Rg8 28. Qb3 Ra6 29. Rfd1 Rb6 30. Qa3 a6 31. R7d6 Rxd6 32. Rxd6 Qb1+ 33. Kh2 Qb8 34. f4 a5 35. Qd3+ Kh8 36. Qd4 Kh7 37. Qd3+ Kh8 38. Qd4 Kh7 39. Qd3+ 1/2-1/2

[Event "Fagernes GM Swiss 2020"]
[Site "Fagernes"]
[Date "2020.10.06"]
[Round "3.20"]
[White "Oye-Stromberg, Alexander"]
[Black "Tenold, Andreas"]
[Result "1/2-1/2"]
[ECO "B20"]
[WhiteElo "2048"]
[BlackElo "1935"]
[Annotator "RC"]
[PlyCount "110"]
[EventDate "2020.10.04"]
[EventType "swiss"]
[EventCountry "NOR"]
[SourceTitle "playchess.com"]
[Source "ChessBase"]
[SourceQuality "1"]
[TimeControl "40/6000+30:2400+30"]

1. e4 c5 2. a3 g6 3. b4 Bg7 4. Nc3 d6 5. Rb1 Nf6 6. g3 cxb4 7. axb4 d5 8. Bg2 dxe4 9. Nxe4 Nxe4 10. Bxe4 O-O 11. Ne2 Nc6 12. Bg2 Bg4 13. h3 Be6 14. O-O Ba2 15. b5 Bxb1 16. bxc6 bxc6 17. d3 Ba2 18. c4 Rb8 19. Qd2 Bxc4 20. dxc4 Qxd2 21. Bxd2 Rb2 22. Be3 Rxe2 23. Bxc6 Rc8 24. Bb5 Ra2 25. c5 Ra5 26. Bd7 Rc7 27. c6 Ra4 28. Kg2 Bd4 29. Bf4 e5 30. Bg5 Rc4 31. Rb1 Kg7 32. Rc1 Rxc1 33. Bxc1 f6 34. Ba3 Bb6 35. f4 e4 36. Bd6 Rxd7 37. cxd7 Bd8 38. f5 gxf5 39. g4 fxg4 40. hxg4 f5 41. Kg3 Kf6 42. Kf4 fxg4 43. Kxg4 Ke6 44. Bf4 Kd5 45. Bg5 Bc7 46. d8=Q+ Bxd8 47. Bxd8 Kd4 48. Kh5 e3 49. Kh6 e2 50. Ba5 Kd3 51. Kxh7 Kc2 52. Kg6 Kd1 53. Kf5 e1=Q 54. Bxe1 Kxe1 55. Ke4 a5 1/2-1/2

[Event "Fagernes GM Swiss 2020"]
[Site "Fagernes"]
[Date "2020.10.06"]
[Round "3.21"]
[White "Brodtkorb, Lars Johan"]
[Black "Machlik, Monika"]
[Result "1-0"]
[ECO "A13"]
[WhiteElo "2166"]
[BlackElo "2082"]
[Annotator "RC"]
[PlyCount "53"]
[EventDate "2020.10.04"]
[EventType "swiss"]
[EventCountry "NOR"]
[SourceTitle "playchess.com"]
[Source "ChessBase"]
[SourceQuality "1"]
[TimeControl "40/6000+30:2400+30"]

1. Nf3 Nf6 2. c4 e6 3. g3 a6 4. Bg2 b5 5. b3 Bb7 6. O-O c5 7. Nc3 Qb6 8. e3 Nc6 9. d4 d6 10. d5 Nd8 11. e4 e5 12. Qe2 b4 13. Na4 Qc7 14. Nh4 g6 15. f4 Nd7 16. Nb2 Bg7 17. Nd3 exf4 18. Bb2 f3 19. Nxf3 f6 20. h4 Nf7 21. Ng5 Nd8 22. Qg4 Ne5 23. Bxe5 dxe5 24. Nxh7 Qf7 25. Nxe5 f5 26. Nxf7 fxg4 27. Nxh8 1-0

[Event "Fagernes GM Swiss 2020"]
[Site "Fagernes"]
[Date "2020.10.06"]
[Round "3.23"]
[White "Kvendseth, Thyra"]
[Black "Bentsen, Hakon"]
[Result "0-1"]
[ECO "C89"]
[WhiteElo "2017"]
[BlackElo "2120"]
[Annotator "RC"]
[PlyCount "86"]
[EventDate "2020.10.04"]
[EventType "swiss"]
[EventCountry "NOR"]
[SourceTitle "playchess.com"]
[Source "ChessBase"]
[SourceQuality "1"]
[TimeControl "40/6000+30:2400+30"]

1. e4 e5 2. Nf3 Nc6 3. Bb5 a6 4. Ba4 Nf6 5. O-O b5 6. Bb3 Be7 7. Re1 O-O 8. c3 d5 9. exd5 Nxd5 10. d4 exd4 11. Nxd4 Nxd4 12. Qxd4 Be6 13. Nd2 c5 14. Qe4 c4 15. Bc2 Nf6 16. Qe2 Qb6 17. Ne4 Nxe4 18. Qxe4 g6 19. Be3 Bc5 20. Bxc5 Qxc5 21. Qe5 Qxe5 22. Rxe5 Rad8 23. Re2 Rd6 24. f3 Rfd8 25. Kf2 h5 26. Rae1 Kg7 27. h4 Kf6 28. Be4 a5 29. a3 b4 30. axb4 axb4 31. cxb4 Rb8 32. Rc1 Rxb4 33. Rcc2 Rd1 34. Red2 Rxd2+ 35. Rxd2 Ke5 36. g3 Rb6 37. Ke3 Rb3+ 38. Kf2 Kf6 39. Bb1 c3 40. Re2 Rxb2 41. Bd3 Bf5 42. Bxf5 Kxf5 43. Ke3 c2 0-1

[Event "Fagernes GM Swiss 2020"]
[Site "Fagernes"]
[Date "2020.10.06"]
[Round "4.10"]
[White "Royset, Pal"]
[Black "Miezis, Normunds"]
[Result "0-1"]
[ECO "B30"]
[WhiteElo "2150"]
[BlackElo "2485"]
[Annotator "RC"]
[PlyCount "108"]
[EventDate "2020.10.04"]
[EventType "swiss"]
[EventCountry "NOR"]
[SourceTitle "playchess.com"]
[Source "ChessBase"]
[SourceQuality "1"]
[TimeControl "40/6000+30:2400+30"]

1. e4 c5 2. Nc3 Nc6 3. Bb5 Nd4 4. Nf3 e6 5. O-O a6 6. Bd3 Nxf3+ 7. Qxf3 Bd6 8. Re1 Qc7 9. g3 h5 10. b3 Ne7 11. Bb2 f6 12. Na4 Rb8 13. c4 b5 14. Nc3 b4 15. Na4 Bb7 16. Qe3 Ng6 17. f4 Qc6 18. Bf1 e5 19. f5 Ne7 20. Qf2 Kf7 21. Bg2 Rbg8 22. Re3 Bc7 23. Rd3 d6 24. Rf1 Bd8 25. a3 a5 26. axb4 axb4 27. Ba1 Ke8 28. Re3 g6 29. fxg6 Rxg6 30. d3 Bc8 31. Rf3 Ng8 32. Rf5 h4 33. Bxe5 dxe5 34. Rxe5+ Be7 35. Rd5 hxg3 36. hxg3 Bh3 37. Qf4 Qc8 38. Rf2 Bxg2 39. Rxg2 Rgh6 40. Nb6 Rh1+ 41. Kf2 Qa6 42. Na4 Qc6 43. Qb8+ Kf7 44. Qa7 Ra1 45. Rd7 Qe6 46. Qb7 Ra2+ 47. Kf3 Rxg2 48. Kxg2 Qh3+ 49. Kf2 Qh2+ 50. Kf3 Qh1+ 51. Kf4 Qf1+ 52. Ke3 Rh2 53. Qd5+ Kg7 54. Qxc5 Qf2# 0-1

[Event "Fagernes GM Swiss 2020"]
[Site "Fagernes"]
[Date "2020.10.06"]
[Round "4.18"]
[White "Eliseev, Sergey"]
[Black "Brodtkorb, Lars Johan"]
[Result "1-0"]
[ECO "C18"]
[WhiteElo "2025"]
[BlackElo "2166"]
[Annotator "ChessBase"]
[PlyCount "73"]
[EventDate "2020.10.04"]
[EventType "swiss"]
[EventCountry "NOR"]
[SourceTitle "playchess.com"]
[Source "ChessBase"]
[SourceQuality "1"]
[TimeControl "40/6000+30:2400+30"]

1. e4 e6 2. d4 d5 3. Nc3 Bb4 4. e5 c5 5. a3 Bxc3+ 6. bxc3 Ne7 7. Qg4 Qc7 8. Qxg7 Rg8 9. Qxh7 cxd4 10. Ne2 Nbc6 11. f4 Bd7 12. Qd3 dxc3 13. Qxc3 Nf5 14. Rg1 O-O-O 15. g4 Ncd4 16. Qxc7+ Kxc7 17. Nxd4 Nxd4 18. Rg2 Rh8 19. Rf2 Ba4 20. Ra2 Rxh2 21. Rxh2 Nf3+ 22. Kf2 Nxh2 23. Be2 a6 24. Kg3 Rh8 25. Be3 Nxg4 26. Bxg4 Rh1 27. Bd4 Rc1 28. c3 a5 29. Rh2 Be8 30. Rh7 Kd7 31. Be2 Rb1 32. a4 Rb2 33. Bb5+ Ke7 34. Bc5+ Kd8 35. Rh8 Rc2 36. Bd6 b6 37. Rxe8# 1-0

[Event "Fagernes GM Swiss 2020"]
[Site "Fagernes"]
[Date "2020.10.06"]
[Round "4.19"]
[White "Nilsen, Tobias Lang"]
[Black "Sorensen, Simen"]
[Result "1/2-1/2"]
[ECO "B48"]
[WhiteElo "2146"]
[BlackElo "2047"]
[Annotator "ChessBase"]
[PlyCount "68"]
[EventDate "2020.10.04"]
[EventType "swiss"]
[EventCountry "NOR"]
[SourceTitle "playchess.com"]
[Source "ChessBase"]
[SourceQuality "1"]
[TimeControl "40/6000+30:2400+30"]

1. e4 c5 2. Nf3 e6 3. d4 cxd4 4. Nxd4 Nc6 5. Nc3 a6 6. Be3 Qc7 7. Qf3 Nf6 8. O-O-O Nxd4 9. Bxd4 e5 10. Be3 d6 11. h3 Be6 12. g4 Rc8 13. g5 Nd7 14. Qg3 Bxa2 15. f4 exf4 16. Bxf4 Ne5 17. Rh2 Be6 18. Nd5 Bxd5 19. exd5 Be7 20. h4 b5 21. Qa3 Rd8 22. h5 f6 23. h6 g6 24. Rf2 O-O 25. Bh3 fxg5 26. Be6+ Kh8 27. Bxe5+ dxe5 28. Rxf8+ Bxf8 29. Qxa6 Qd6 30. Qxb5 Bxh6 31. Rh1 Bg7 32. Qd3 e4 33. Qxe4 Qf4+ 34. Qxf4 gxf4 1/2-1/2

[Event "Fagernes GM Swiss 2020"]
[Site "Fagernes"]
[Date "2020.10.06"]
[Round "4.20"]
[White "Tenold, Andreas"]
[Black "Flatebo, Hallvard Haug"]
[Result "1-0"]
[ECO "E49"]
[WhiteElo "1935"]
[BlackElo "1877"]
[Annotator "ChessBase"]
[PlyCount "61"]
[EventDate "2020.10.04"]
[EventType "swiss"]
[EventCountry "NOR"]
[SourceTitle "playchess.com"]
[Source "ChessBase"]
[SourceQuality "1"]
[TimeControl "40/6000+30:2400+30"]

1. d4 e6 2. c4 Nf6 3. Nc3 Bb4 4. f3 d5 5. a3 Bxc3+ 6. bxc3 O-O 7. cxd5 exd5 8. e3 c5 9. Bd3 Nc6 10. Ne2 cxd4 11. cxd4 Re8 12. O-O Be6 13. Ng3 Qd7 14. Bb2 Rad8 15. Qd2 Qd6 16. Rad1 Bc8 17. Qf2 h5 18. Bb1 Qe7 19. e4 h4 20. Ne2 dxe4 21. fxe4 Nxe4 22. Bxe4 Qxe4 23. Qxf7+ Kh8 24. Rf4 Qh7 25. d5 Ne5 26. Qc7 Qh5 27. Bxe5 Qxe5 28. Qf7 Qg5 29. Rdd4 Bg4 30. Rxg4 Qe3+ 31. Kh1 1-0

[Event "Fagernes GM Swiss 2020"]
[Site "Fagernes"]
[Date "2020.10.06"]
[Round "4.22"]
[White "Bjerke, Richard"]
[Black "Kvendseth, Thyra"]
[Result "1-0"]
[ECO "E60"]
[WhiteElo "2144"]
[BlackElo "2017"]
[Annotator "ChessBase"]
[PlyCount "89"]
[EventDate "2020.10.04"]
[EventType "swiss"]
[EventCountry "NOR"]
[SourceTitle "playchess.com"]
[Source "ChessBase"]
[SourceQuality "1"]
[TimeControl "40/6000+30:2400+30"]

1. Nf3 Nf6 2. c4 g6 3. b3 Bg7 4. Bb2 c5 5. g3 Nc6 6. Bg2 d6 7. d4 O-O 8. d5 Nb8 9. O-O Na6 10. Nc3 Nc7 11. Qd2 a6 12. e4 b5 13. e5 Ng4 14. exd6 exd6 15. Ne4 f6 16. h3 Ne5 17. Nxe5 fxe5 18. Rad1 Ra7 19. Qa5 Rb7 20. Bc3 Rb8 21. b4 bxc4 22. bxc5 dxc5 23. Qxc5 Bd7 24. Ba5 Rc8 25. Qxc4 Nb5 26. Qb4 Qe8 27. a4 Nd4 28. Nd6 Qe7 29. Nxc8 Qxb4 30. Bxb4 Rxc8 31. a5 Bb5 32. d6 Bf8 33. Rfe1 Bg7 34. Kh2 Bd7 35. Bd5+ Kh8 36. Rc1 Rf8 37. Kg2 Nb5 38. Bb7 Bh6 39. Rc5 Rb8 40. Bc6 Nxd6 41. Bxd7 Rxb4 42. Rexe5 Rb7 43. Bg4 Ra7 44. Re6 Bf8 45. Rc6 1-0

[Event "Fagernes GM Swiss 2020"]
[Site "Fagernes"]
[Date "2020.10.07"]
[Round "5.6"]
[White "Haldorsen, Benjamin"]
[Black "Carlsson, Ludvig"]
[Result "1/2-1/2"]
[ECO "C24"]
[WhiteElo "2469"]
[BlackElo "2281"]
[Annotator "ChessBase"]
[PlyCount "73"]
[EventDate "2020.10.04"]
[EventType "swiss"]
[EventCountry "NOR"]
[SourceTitle "playchess.com"]
[Source "ChessBase"]
[SourceQuality "1"]
[TimeControl "40/6000+30:2400+30"]

1. e4 e5 2. Bc4 Nf6 3. d3 Bc5 4. Nf3 d6 5. c3 Bb6 6. Nbd2 O-O 7. h3 c6 8. Bb3 Nbd7 9. O-O d5 10. Re1 dxe4 11. Nxe4 Nxe4 12. dxe4 h6 13. Qd6 Bc7 14. Qg6 Qf6 15. Qg3 Nc5 16. Bc2 Ne6 17. a4 a5 18. Nh2 Rd8 19. Be3 Nf4 20. Bxf4 exf4 21. Qf3 Be5 22. Rad1 Be6 23. Ng4 Qg5 24. Rxd8+ Rxd8 25. Nxe5 Qxe5 26. Rd1 Rd6 27. Qe2 Rxd1+ 28. Qxd1 Qg5 29. Kh2 Qh4 30. Kg1 Qg5 31. Kh2 g6 32. Bb3 f3 33. gxf3 Qf4+ 34. Kg2 Qg5+ 35. Kh2 Qf4+ 36. Kg2 Qg5+ 37. Kh2 1/2-1/2

[Event "Fagernes GM Swiss 2020"]
[Site "Fagernes"]
[Date "2020.10.07"]
[Round "5.7"]
[White "Elsness, Frode"]
[Black "Dolzhikova, Olga"]
[Result "1-0"]
[ECO "B00"]
[WhiteElo "2454"]
[BlackElo "2208"]
[Annotator "ChessBase"]
[PlyCount "71"]
[EventDate "2020.10.04"]
[EventType "swiss"]
[EventCountry "NOR"]
[SourceTitle "playchess.com"]
[Source "ChessBase"]
[SourceQuality "1"]
[TimeControl "40/6000+30:2400+30"]

1. d4 b6 2. e4 Bb7 3. Bd3 e6 4. Nf3 Nf6 5. Qe2 c5 6. c3 c4 7. Bc2 d5 8. e5 Nfd7 9. h4 Nc6 10. h5 h6 11. Nh4 Qc7 12. f4 O-O-O 13. Nd2 Kb8 14. Ndf3 Re8 15. O-O b5 16. g4 Ka8 17. Be3 b4 18. f5 bxc3 19. bxc3 Nd8 20. Ng2 Ba3 21. Rab1 f6 22. Bf4 fxe5 23. dxe5 Nc6 24. Nd4 Bc5 25. Rfd1 Ncxe5 26. Kh1 exf5 27. gxf5 Qa5 28. Qd2 Ng4 29. Rb5 Qa6 30. Rdb1 Bc6 31. Nxc6 Qxc6 32. Ba4 Nf2+ 33. Kh2 d4 34. Rb8+ Nxb8 35. Rxb8+ Rxb8 36. Bxc6+ 1-0

[Event "Fagernes GM Swiss 2020"]
[Site "Fagernes"]
[Date "2020.10.07"]
[Round "5.8"]
[White "Vitenberg, Noam Aviv"]
[Black "Kaasen, Tor Fredrik"]
[Result "0-1"]
[ECO "E92"]
[WhiteElo "2298"]
[BlackElo "2386"]
[Annotator "ChessBase"]
[PlyCount "96"]
[EventDate "2020.10.04"]
[EventType "swiss"]
[EventCountry "NOR"]
[SourceTitle "playchess.com"]
[Source "ChessBase"]
[SourceQuality "1"]
[TimeControl "40/6000+30:2400+30"]

1. d4 Nf6 2. c4 g6 3. Nc3 Bg7 4. e4 d6 5. Nf3 O-O 6. Be2 e5 7. Be3 exd4 8. Nxd4 Re8 9. f3 c6 10. Bf2 d5 11. exd5 cxd5 12. O-O Nc6 13. c5 Bd7 14. Ndb5 Re7 15. Re1 a6 16. Nd6 Be6 17. Na4 b5 18. Nb6 Rb8 19. Qc2 Nh5 20. Rad1 Be5 21. g3 Ra7 22. f4 Bxd6 23. cxd6 Rxb6 24. Bxh5 gxh5 25. f5 Bd7 26. Bxb6 Qxb6+ 27. Kg2 Ra8 28. f6 Kh8 29. Qd2 h4 30. g4 h3+ 31. Kxh3 Rg8 32. Rg1 Ne5 33. Rdf1 Nf3 34. Rxf3 Qxg1 35. Rg3 Qf1+ 36. Kh4 Qxf6+ 37. g5 Qe5 38. Qf2 Bf5 39. Qe3 Qxe3 40. Rxe3 Rd8 41. Re7 Be6 42. Kh5 Kg7 43. h4 d4 44. Rc7 d3 45. Rc1 d2 46. Rd1 Rxd6 47. b3 Rd4 48. Re1 Bg4# 0-1

[Event "Fagernes GM Swiss 2020"]
[Site "Fagernes"]
[Date "2020.10.07"]
[Round "5.9"]
[White "Ingebretsen, Jens E"]
[Black "Galinsky, Timofey"]
[Result "1-0"]
[ECO "C02"]
[WhiteElo "2220"]
[BlackElo "2370"]
[Annotator "ChessBase"]
[PlyCount "93"]
[EventDate "2020.10.04"]
[EventType "swiss"]
[EventCountry "NOR"]
[SourceTitle "playchess.com"]
[Source "ChessBase"]
[SourceQuality "1"]
[TimeControl "40/6000+30:2400+30"]

1. e4 e6 2. d4 d5 3. e5 c5 4. c3 Qb6 5. Nf3 Bd7 6. Nbd2 cxd4 7. Nxd4 Nc6 8. N2f3 f6 9. Bd3 O-O-O 10. Nxc6 Bxc6 11. O-O Nh6 12. Qe2 f5 13. a4 Kb8 14. b4 Rc8 15. Be3 Qd8 16. Bd4 f4 17. Rfb1 Bd7 18. h4 Be7 19. a5 Rf8 20. b5 Nf5 21. Bxa7+ Kxa7 22. b6+ Kb8 23. a6 Rc6 24. axb7 Rxb6 25. Ra8+ Kxb7 26. Rxd8 Rxb1+ 27. Bxb1 Bxd8 28. Qb2+ Bb6 29. Qb4 Re8 30. Qxf4 Rc8 31. Qd2 g6 32. Bd3 Bc6 33. Bxf5 exf5 34. Qh6 Rc7 35. h5 Be8 36. Qf8 Ba4 37. Qg8 gxh5 38. Qxd5+ Bc6 39. Qe6 Be4 40. Nd2 Rxc3 41. Nxe4 Rc1+ 42. Kh2 fxe4 43. Qd5+ Kc7 44. Qxe4 Bxf2 45. Qxh7+ Kb8 46. Qg8+ Rc8 47. Qb3+ 1-0

[Event "Fagernes GM Swiss 2020"]
[Site "Fagernes"]
[Date "2020.10.07"]
[Round "5.11"]
[White "Dahl, Trygve"]
[Black "Lund, Gunnar"]
[Result "1-0"]
[ECO "B15"]
[WhiteElo "2211"]
[BlackElo "2302"]
[Annotator "ChessBase"]
[PlyCount "101"]
[EventDate "2020.10.04"]
[EventType "swiss"]
[EventCountry "NOR"]
[SourceTitle "playchess.com"]
[Source "ChessBase"]
[SourceQuality "1"]
[TimeControl "40/6000+30:2400+30"]

1. e4 c6 2. d4 d5 3. Nc3 dxe4 4. Nxe4 Nf6 5. Nxf6+ exf6 6. c3 Bd6 7. Bd3 O-O 8. Qc2 Re8+ 9. Ne2 h5 10. O-O h4 11. Re1 Nd7 12. Bf4 Nf8 13. Bxd6 Qxd6 14. h3 Be6 15. Rad1 g6 16. c4 f5 17. Qd2 Bd7 18. Qg5 Qe7 19. Qxe7 Rxe7 20. Kf1 Rae8 21. Ng1 f6 22. Rxe7 Rxe7 23. Nf3 g5 24. d5 Ng6 25. d6 Re8 26. Nd4 Ne5 27. Nxf5 Bxf5 28. Bxf5 c5 29. g3 Kf8 30. b3 Rd8 31. Rd5 b6 32. f4 Nf7 33. d7 hxg3 34. fxg5 fxg5 35. Kg2 Ke7 36. Kxg3 Kf6 37. Bg4 Rh8 38. Rf5+ Kg6 39. Rd5 Kf6 40. a3 a5 41. b4 axb4 42. axb4 cxb4 43. Rb5 Ne5 44. Rxb6+ Kf7 45. c5 Nxg4 46. Kxg4 Ke7 47. c6 Kd6 48. Kxg5 Kc7 49. Rxb4 Kxc6 50. Rd4 Rd8 51. Kf6 1-0

[Event "Fagernes GM Swiss 2020"]
[Site "Fagernes"]
[Date "2020.10.07"]
[Round "5.12"]
[White "Vestby-Ellingsen, Mads"]
[Black "Eliseev, Sergey"]
[Result "1-0"]
[ECO "D00"]
[WhiteElo "2362"]
[BlackElo "2025"]
[Annotator "ChessBase"]
[PlyCount "77"]
[EventDate "2020.10.04"]
[EventType "swiss"]
[EventCountry "NOR"]
[SourceTitle "playchess.com"]
[Source "ChessBase"]
[SourceQuality "1"]
[TimeControl "40/6000+30:2400+30"]

1. d4 Nf6 2. Bg5 d5 3. e3 c6 4. Nd2 e6 5. Bd3 Nbd7 6. f4 Be7 7. Ngf3 c5 8. c3 b6 9. Ne5 Nxe5 10. dxe5 Nd7 11. Bxe7 Qxe7 12. Nf3 a6 13. O-O Bb7 14. Qe2 Kd8 15. b4 Kc7 16. Rab1 f5 17. exf6 Qxf6 18. bxc5 Nxc5 19. Nd4 b5 20. Bxb5 axb5 21. Qxb5 Qe7 22. Qxc5+ Qxc5 23. Nxe6+ Kd6 24. Nxc5 Bc8 25. Nd3 Bf5 26. Rbd1 Rhc8 27. Nb4 Be4 28. Nxd5 Ke6 29. f5+ Kf7 30. Rf4 Bxd5 31. Rxd5 Rxc3 32. Rg4 Rxa2 33. h3 Rxe3 34. Rd7+ Kf6 35. Rgxg7 Kxf5 36. Rxh7 Rg3 37. Rdf7+ Kg5 38. Rfg7+ Kf4 39. Rh4+ 1-0

[Event "Fagernes GM Swiss 2020"]
[Site "Fagernes"]
[Date "2020.10.07"]
[Round "5.13"]
[White "Shehzad, Shazil"]
[Black "Tenold, Andreas"]
[Result "1-0"]
[ECO "B82"]
[WhiteElo "2188"]
[BlackElo "1935"]
[Annotator "ChessBase"]
[PlyCount "55"]
[EventDate "2020.10.04"]
[EventType "swiss"]
[EventCountry "NOR"]
[SourceTitle "playchess.com"]
[Source "ChessBase"]
[SourceQuality "1"]
[TimeControl "40/6000+30:2400+30"]

1. e4 c5 2. Nf3 e6 3. d4 cxd4 4. Nxd4 Nc6 5. Nc3 Qc7 6. Be3 a6 7. a3 Nf6 8. f4 d6 9. Qf3 b5 10. Nxc6 Qxc6 11. g4 Bb7 12. Bd3 Be7 13. g5 Nd7 14. O-O-O Nc5 15. Kb1 Nxd3 16. cxd3 a5 17. Rc1 Qa6 18. a4 bxa4 19. Bd4 O-O 20. h4 a3 21. Rc2 Rfd8 22. g6 fxg6 23. h5 e5 24. hxg6 hxg6 25. Qg4 Bc8 26. Qxg6 a2+ 27. Ka1 exd4 28. Rch2 1-0

[Event "Fagernes GM Swiss 2020"]
[Site "Fagernes"]
[Date "2020.10.07"]
[Round "5.14"]
[White "Skotheim, Andreas"]
[Black "Fossan, Aleksander"]
[Result "1/2-1/2"]
[ECO "B27"]
[WhiteElo "2120"]
[BlackElo "2171"]
[Annotator "ChessBase"]
[PlyCount "32"]
[EventDate "2020.10.04"]
[EventType "swiss"]
[EventCountry "NOR"]
[SourceTitle "playchess.com"]
[Source "ChessBase"]
[SourceQuality "1"]
[TimeControl "40/6000+30:2400+30"]

1. e4 c5 2. Nf3 g6 3. d4 cxd4 4. Qxd4 Nf6 5. Nc3 Nc6 6. Qa4 d6 7. e5 Ng4 8. exd6 Qb6 9. Nd1 exd6 10. c3 Bg7 11. Bc4 O-O 12. O-O Bd7 13. Qa3 Nce5 14. Nxe5 dxe5 15. Ne3 Qc7 16. Qb3 Nf6 1/2-1/2

[Event "Fagernes GM Swiss 2020"]
[Site "Fagernes"]
[Date "2020.10.07"]
[Round "5.15"]
[White "Holleland, Sigve"]
[Black "Abdrlauf, Elham"]
[Result "0-1"]
[ECO "E11"]
[WhiteElo "2133"]
[BlackElo "2362"]
[Annotator "ChessBase"]
[PlyCount "110"]
[EventDate "2020.10.04"]
[EventType "swiss"]
[EventCountry "NOR"]
[SourceTitle "playchess.com"]
[Source "ChessBase"]
[SourceQuality "1"]
[TimeControl "40/6000+30:2400+30"]

1. d4 Nf6 2. c4 e6 3. Nf3 d5 4. g3 Bb4+ 5. Bd2 Be7 6. Bg2 Nbd7 7. O-O c6 8. a4 Ne4 9. Nc3 Nxd2 10. Nxd2 f5 11. f4 Qb6 12. c5 Qxb2 13. Rf3 Qb4 14. Nb3 b6 15. Na2 Qc4 16. Rc3 Qa6 17. cxb6 Qxb6 18. a5 Qc7 19. Rac1 Nb8 20. g4 fxg4 21. e3 O-O 22. Qxg4 Ba3 23. R1c2 Qf7 24. Qg3 Bd7 25. Bf1 Bd6 26. Bd3 Kh8 27. Rg2 g6 28. Nd2 c5 29. dxc5 d4 30. exd4 Bxf4 31. Qe1 Nc6 32. Nf3 Rae8 33. Be4 Qf6 34. Rd3 Re7 35. Nc1 Ref7 36. Ne2 Bc7 37. Kh1 Nxa5 38. Qg1 Qg7 39. Rd1 Rxf3 40. Bxg6 hxg6 41. Rxg6 Qh7 42. d5 Bxh2 43. Qxh2 Rh3 44. Rg2 exd5 45. Ng1 Rxh2+ 46. Rxh2 Rf2 47. Rxh7+ Kxh7 48. Ra1 Nc6 49. Ra6 d4 50. Nh3 Bxh3 51. Rxc6 Bg2+ 52. Kg1 Bxc6 53. Kxf2 Kg6 54. Ke2 Kf5 55. Kd3 Ke5 0-1

[Event "Fagernes GM Swiss 2020"]
[Site "Fagernes"]
[Date "2020.10.07"]
[Round "5.16"]
[White "Sorensen, Simen"]
[Black "Nielsen, Andre"]
[Result "1/2-1/2"]
[ECO "E80"]
[WhiteElo "2047"]
[BlackElo "2218"]
[Annotator "ChessBase"]
[PlyCount "63"]
[EventDate "2020.10.04"]
[EventType "swiss"]
[EventCountry "NOR"]
[SourceTitle "playchess.com"]
[Source "ChessBase"]
[SourceQuality "1"]
[TimeControl "40/6000+30:2400+30"]

1. d4 Nf6 2. c4 g6 3. Nc3 Bg7 4. e4 d6 5. f3 c5 6. dxc5 dxc5 7. Qxd8+ Kxd8 8. Be3 Nfd7 9. Nge2 Nc6 10. O-O-O b6 11. f4 Kc7 12. g4 g5 13. h3 gxf4 14. Bxf4+ Kb7 15. b3 Nde5 16. a3 a6 17. Bg2 Be6 18. Nd5 b5 19. Bxe5 Bxe5 20. Kc2 Rhe8 21. Rb1 Na5 22. Nef4 bxc4 23. bxc4+ Ka7 24. Nd3 Nxc4 25. Nxe5 Bxd5 26. exd5 Nxe5 27. d6 Rab8 28. dxe7 Rxb1 29. Rxb1 Rxe7 30. Kc3 Rd7 31. Be4 h6 32. Rf1 1/2-1/2

[Event "Fagernes GM Swiss 2020"]
[Site "Fagernes"]
[Date "2020.10.07"]
[Round "5.18"]
[White "Oye-Stromberg, Alexander"]
[Black "Royset, Pal"]
[Result "1-0"]
[ECO "B20"]
[WhiteElo "2048"]
[BlackElo "2150"]
[Annotator "ChessBase"]
[PlyCount "79"]
[EventDate "2020.10.04"]
[EventType "swiss"]
[EventCountry "NOR"]
[SourceTitle "playchess.com"]
[Source "ChessBase"]
[SourceQuality "1"]
[TimeControl "40/6000+30:2400+30"]

1. e4 c5 2. a3 Nf6 3. e5 Nd5 4. Nf3 Nc6 5. c4 Nf4 6. b4 Ng6 7. bxc5 Ngxe5 8. Nxe5 Nxe5 9. d4 Ng6 10. Be3 e6 11. Be2 d6 12. cxd6 Bxd6 13. O-O O-O 14. Nc3 b6 15. Bf3 Rb8 16. Nb5 a6 17. Nxd6 Qxd6 18. c5 bxc5 19. dxc5 Qc7 20. Rb1 Rxb1 21. Qxb1 Ne5 22. Qb6 Nxf3+ 23. gxf3 Qe5 24. Rd1 Qf6 25. c6 e5 26. c7 Qxb6 27. Bxb6 f6 28. Rd8 Kf7 29. Kf1 Re8 30. Ke2 g5 31. Kd3 h5 32. Kc4 g4 33. fxg4 hxg4 34. Ba5 f5 35. Bc3 e4 36. Bd2 Bb7 37. Bf4 Rg8 38. Kc5 Re8 39. Kb6 Bc8 40. Ka7 1-0

[Event "Fagernes GM Swiss 2020"]
[Site "Fagernes"]
[Date "2020.10.07"]
[Round "5.19"]
[White "Skaslien, Ingrid"]
[Black "Nilsen, Tobias Lang"]
[Result "0-1"]
[ECO "E20"]
[WhiteElo "1976"]
[BlackElo "2146"]
[Annotator "ChessBase"]
[PlyCount "54"]
[EventDate "2020.10.04"]
[EventType "swiss"]
[EventCountry "NOR"]
[SourceTitle "playchess.com"]
[Source "ChessBase"]
[SourceQuality "1"]
[TimeControl "40/6000+30:2400+30"]

1. d4 e6 2. c4 Nf6 3. Nc3 Bb4 4. f3 c5 5. d5 b5 6. e4 bxc4 7. Bxc4 exd5 8. exd5 O-O 9. Nge2 d6 10. O-O Nbd7 11. a3 Ba5 12. Bg5 Ne5 13. b3 h6 14. Bh4 Ng6 15. Bg3 Nh5 16. Bf2 Nhf4 17. Ne4 Nxe2+ 18. Qxe2 Re8 19. Qb2 Rb8 20. Rac1 Ne5 21. Qa1 Bf5 22. Qa2 Bxe4 23. fxe4 Qg5 24. b4 cxb4 25. axb4 Bxb4 26. Bxa7 Ra8 27. Qf2 Rxa7 0-1

[Event "Fagernes GM Swiss 2020"]
[Site "Fagernes"]
[Date "2020.10.07"]
[Round "5.20"]
[White "Brodtkorb, Lars Johan"]
[Black "Bentsen, Hakon"]
[Result "1-0"]
[ECO "C00"]
[WhiteElo "2166"]
[BlackElo "2120"]
[Annotator "ChessBase"]
[PlyCount "63"]
[EventDate "2020.10.04"]
[EventType "swiss"]
[EventCountry "NOR"]
[SourceTitle "playchess.com"]
[Source "ChessBase"]
[SourceQuality "1"]
[TimeControl "40/6000+30:2400+30"]

1. Nf3 Nf6 2. g3 d5 3. Bg2 e6 4. O-O Be7 5. d3 O-O 6. Nbd2 b6 7. e4 Bb7 8. e5 Nfd7 9. Re1 c5 10. h4 Nc6 11. Nf1 Qc7 12. Bf4 Rfd8 13. Ne3 Nf8 14. Ng4 Ng6 15. Bd2 Bf8 16. h5 Nge7 17. h6 g6 18. Bg5 Rdc8 19. c3 Nf5 20. Qd2 Be7 21. Bxe7 Qxe7 22. Nf6+ Kh8 23. g4 Nd6 24. Nxh7 Nxe5 25. Rxe5 Kxh7 26. Ng5+ Kh8 27. Rae1 d4 28. Qf4 Bxg2 29. Rxe6 fxe6 30. Rxe6 Qxe6 31. Nxe6 Kh7 32. Qxd6 1-0